 Dungeon Crawl Stone Soup version 0.22.1-1-ga44c0e5 (webtiles) character file.

60 Starchild the Charmwright (level 4, 0/49 HPs)
             Began as a Merfolk Skald on Sept 25, 2018.
             Succumbed to an adder's poison
             ... on level 2 of the Dungeon.
             The game lasted 00:04:10 (1242 turns).

Starchild the Charmwright (Merfolk Skald)           Turns: 1242, Time: 00:04:11

Health: 0/49       AC: 22    Str: 12    XL:     4   Next: 6%
Magic:  3/7        EV:  2    Int: 17    God:
Gold:   27         SH:  0    Dex: 13    Spells: 1/7 levels left

rFire    . . .     SeeInvis +   a - +0 spear
rCold    . . .     Gourm    .   (no shield)
rNeg     + + +     Faith    .   (armour currently unavailable)
rPois    +         Spirit   .   (helmet currently unavailable)
rElec    .         Reflect  .   (cloak currently unavailable)
rCorr    .         Harm     .   (gloves currently unavailable)
MR       .....     NoTele   +   (boots currently unavailable)
Stlth    +.........             (no amulet)
HPRegen  0.16/turn              g - ring of see invisible
MPRegen  0.10/turn              (no ring)

@: brilliant, lethally poisoned (0 -> -9), tree-form, infused, drained
A: (change form in water), (swift swim), (stealthy swim)
a: no special abilities


You were on level 2 of the Dungeon.
You were not hungry.
You were a tree.
You visited 1 branch of the dungeon, and saw 2 of its levels.

You collected 27 gold pieces.

Inventory:

Hand Weapons
 a - a +0 spear (weapon)
Missiles
 f - 39 stones (quivered)
Armour
 b - a +0 leather armour (melded)
Jewellery
 g - a ring of see invisible (left branch)
Scrolls
 c - a scroll of blinking {unknown}
 h - a scroll of remove curse {unknown}
 i - 3 scrolls of identify {unknown}
Comestibles
 d - a ration


   Skills:
 - Level 2.1 Fighting
 + Level 4.1 Polearms
 - Level 0.6(0.5) Armour
 - Level 2.6 Dodging
 - Level 2.0(1.9) Spellcasting
 + Level 4.8(4.7) Charms


You had one spell level left.
You knew the following spells:

 Your Spells              Type           Power        Failure   Level  Hunger
a - Infusion              Chrm           ####         1%          1    #......
b - Song of Slaying       Chrm           ####....     1%          2    ###....
c - Spectral Weapon       Hex/Chrm       ###.....     2%          3    ###....

Your spell library contained the following spells:

 Spells                   Type           Power        Failure   Level  Hunger
 Shroud of Golubria       Chrm/Tloc      ###.......   1%          2    ###....
 Regeneration             Chrm/Necr      ###.......   2%          3    ###....


Dungeon Overview and Level Annotations

Branches:
Dungeon (2/15)

Altars:


Message History

The adder is heavily wounded.
* * * LOW HITPOINT WARNING * * *
You feel sick.
Your spectral weapon hits the adder.
The adder closely misses you.
* * * LOW HITPOINT WARNING * * *
You feel sick.
You closely miss the adder.
The adder is almost dead.
* * * LOW HITPOINT WARNING * * *
You feel sick.
Your spectral weapon hits the adder!
You kill the adder!
You have reached level 4!
It was a potion of lignification.
You turn into a tree.
Your +0 leather armour melds into your body.
Your roots penetrate the ground.
* * * LOW HITPOINT WARNING * * *
You feel sick.
It was a potion of brilliance.
You feel clever all of a sudden.
You die...

#..........#
#...####.#.#
#...##...#.#
.#####
#...##.### #
......
######'###
...)###.......#
..............#
##..........#
#.♣...##.###
#.(....#.#
#......#.#
###.......#
#.......#
##......#
.......#
.......#
..##.##


You could see a friendly spectral spear.

Vanquished Creatures
  2 gnolls (D:1)
  An adder (D:2)
  A dart slug (D:2)
  A leopard gecko (D:1)
  A ball python (D:1)
  A giant cockroach (D:1)
  2 goblins
  6 hobgoblins
  5 kobolds
  A quokka (D:2)
  4 bats
  A frilled lizard (D:1)
  3 rats (D:1)
29 creatures vanquished.

Notes
Turn   | Place    | Note
-------+----------+-------------------------------------------
     0 | D:1      | Starchild the Merfolk Skald began the quest for the Orb.
     0 | D:1      | Reached XP level 1. HP: 16/16 MP: 3/3
    91 | D:1      | Reached XP level 2. HP: 10/22 MP: 5/5
   615 | D:1      | Reached XP level 3. HP: 26/27 MP: 6/6
   744 | D:1      | Learned a level 2 spell: Song of Slaying
   748 | D:1      | Learned a level 3 spell: Spectral Weapon
  1240 | D:2      | HP: 1/27 [poisoned by an adder]
  1240 | D:2      | Reached XP level 4. HP: 1/33 MP: 3/7
  1242 | D:2      | Succumbed to an adder's poison

Skill      XL: |  1  2  3 |
---------------+----------+-----
Charms         | 4 |  4.8
Polearms       | 4 |  4.1
Fighting       | |  2.1
Armour         | |  0.6
Dodging        | |  2.6
Spellcasting   | |  2.0

Action                   |  1- 3 |  4- 6 || total
-------------------------+-------+-------++-------
Melee: Spear             |   111 |       ||   111
 Cast: Infusion          |     2 |       ||     2
       Song of Slaying   |     1 |       ||     1
       Spectral Weapon   |     1 |       ||     1
  Use: Potion            |       |     2 ||     2
 Stab: Sleeping          |     1 |       ||     1
  Eat: Chunk             |     1 |       ||     1
Armor: Leather armour    |    22 |       ||    22
Dodge: Dodged            |    51 |       ||    51
